 Dungeon Crawl Stone Soup version 0.32-a0-995-gb4a59205af (webtiles) character file.

Game seed: 14058933372344201440

46 horus123 the Magician (level 3, -3/19 HPs)
             Began as a Deep Elf Earth Elementalist on Apr 23, 2024.
             Killed from afar by Sigmund (4 damage)
             ... with a magic dart
             ... on level 3 of the Dungeon.
             The game lasted 00:02:16 (1823 turns).

horus123 the Magician (Deep Elf Earth Elementalist) Turns: 1823, Time: 00:02:17

Health: -3/19      AC:  2    Str:  5    XL:     3   Next: 46%
Magic:  8/11       EV: 11    Int: 27    God:
Gold:   153        SH:  0    Dex: 15    Spells: 8/12 levels left

rFire   . . .        (no weapon)
rCold   . . .        (no shield)
rNeg    . . .        a - +0 robe
rPois   .            (no helmet)
rElec   .            (no cloak)
rCorr   .            (no gloves)
SInv    .            (no boots)
Will    .....        d - amulet of the acrobat
Stlth   ++           k - +6 ring of intelligence
HPRegen 0.23/turn    (no ring)
MPRegen 0.12/turn

%: acrobat
@: no status effects
A: no striking features
a: no special abilities


You were on level 3 of the Dungeon.
You visited 1 branch of the dungeon, and saw 3 of its levels.

You collected 153 gold pieces.

Inventory:

Armour
 a - a +0 robe (worn)
Jewellery
 d - an amulet of the acrobat (around neck)
 k - a +6 ring of intelligence (left hand)
Wands
 l - a wand of roots (7)
Scrolls
 c - 3 scrolls of identify {unknown}
 f - a scroll of revelation {unknown}
 g - 2 scrolls of brand weapon {unknown}
 h - a scroll of enchant weapon {unknown}
 i - a scroll of immolation {unknown}
 j - a scroll of noise {unknown}
Potions
 b - a potion of magic
 e - a potion of berserk rage {unknown}
 m - a potion of degeneration {unknown}


   Skills:
 - Level 2.4 Dodging
 - Level 2.4 Stealth
 - Level 5.0 Spellcasting
 - Level 1.1 Conjurations
 + Level 3.7 Earth Magic


You had 8 spell levels left.
You knew the following spells:

 Your Spells              Type           Power      Damage    Failure   Level
a - Sandblast             Erth           54%        2d13      1%          1
b - Stone Arrow           Conj/Erth      38%        3d9       8%          3

Your spell library contained the following spells:

 Spells                   Type           Power      Damage    Failure   Level
 Passwall                 Erth           27%        N/A       4%          3
 Mercury Vapours          Alch/Air       12%        N/A       11%         2
 Mephitic Cloud           Conj/Alch/Air  8%         N/A       19%         3
 Inner Flame              Hex/Fire       6%         N/A       22%         3
 Brom's Barrelling Bould  Conj/Erth      19%        2d4       26%         4
 Petrify                  Alch/Erth      16%        N/A       32%         4
 Irradiate                Conj/Alch      4%         3d13      85%         5
 Freezing Cloud           Conj/Ice/Air   4%         6-21      86%         5
 Ignition                 Fire           3%         3d4       100%        8


Dungeon Overview and Level Annotations

Branches:
Dungeon (3/15)

Altars:

Annotations:
D:3 Sigmund


Message History

No target in view!
Sigmund the Dreaded comes into view.
He is wielding a +0 scythe.
Found an escape hatch in the ceiling.
Sigmund shouts!
Sigmund says, "Look into my eyes."
An orc comes into view. It is wielding a +0 short sword.
The blast of sand hits Sigmund!
Sigmund is heavily wounded.
The orc shouts!
Sigmund looks at you with fury. Sigmund closely misses you.
The blast of sand hits Sigmund.
Sigmund is severely wounded.
Sigmund casts a spell at you. The puff of flame hits you!
Ouch! That really hurt!
Sigmund closely misses you.
Aiming: Sandblast (safe; 1% risk of failure)
Press: ? - help, Q - select action, (/) - cycle Shift-Dir - straight line, f/p - Sigmund
Aim: Sigmund, wielding a +0 scythe and wearing a +0 robe (severely wounded, 81% to hit)
The blast of sand hits Sigmund.
Sigmund is severely wounded.
Sigmund casts a spell.
Sigmund flickers and vanishes!
Deactivating autopickup; reactivate with Ctrl-A.
The orc hits you with a +0 short sword.
* * * LOW HITPOINT WARNING * * *
The orc attacks as it pursues you! The orc completely misses you.
The orc attacks as it pursues you! The orc completely misses you.
The orc attacks as it pursues you! The orc hits you with a +0 short sword.
* * * LOW HITPOINT WARNING * * *
Okay, then.
Aiming: Sandblast (safe; 1% risk of failure)
Press: ? - help, Q - select action, (/) - cycle Shift-Dir - straight line, f - orc
Aim: an orc, wielding a +0 short sword (83% to hit)
The blast of sand hits the orc!
You kill the orc!
A magic dart appears from out of thin air!
The magic dart hits you.
You die...

#.....# #.....#
... #.....# ..##
#.....#
#######...#
####..##
#..<....# #...#
#.####..# ##..#
#.# #.. #
#..###(# #.#
#...##.# #@#
###....# #)#
#....###.####...
#..#.........#
#..#####{###..[.
#... #..# .###
..#.# #.###..#
####.. #.....#
#..#..####


There were no monsters in sight!

Vanquished Creatures
  An adder (D:2)
  A dart slug (D:1)
  An orc (D:3)
  6 endoplasms
  A giant cockroach (D:2)
  5 goblins
  A hobgoblin (D:2)
  3 jackals (D:1)
  2 ball pythons (D:1)
  2 bats
  A kobold (D:2)
  12 rats
36 creatures vanquished.

Notes
Turn   | Place    | Note
-------+----------+-------------------------------------------
     0 | D:1      | horus123 the Deep Elf Earth Elementalist began the quest
                  | for the Orb.
     0 | D:1      | Reached XP level 1. HP: 10/10 MP: 6/6
   473 | D:1      | Reached skill level 4 in Spellcasting
   473 | D:1      | Reached XP level 2. HP: 15/15 MP: 7/9
   949 | D:2      | Reached skill level 5 in Spellcasting
   949 | D:2      | Reached XP level 3. HP: 19/19 MP: 7/11
  1017 | D:2      | Learned a level 3 spell: Stone Arrow
  1810 | D:3      | Noticed Sigmund
  1823 | D:3      | Killed from afar by Sigmund

Illustrated notes

Levels and vault maps discovered:
D:1:      dpeg_arrival_arbitrary_c, layout_loops_ring, kennysheep_crisscross
D:2:      minmay_spotlight, layout_basic, minmay_rat_gold_closets
D:3:      layout_rooms, uniq_natasha, uniq_robin, uniq_sigmund

Skill      XL: |  1  2 |
---------------+-------+-----
Spellcasting   | 4 5 |  5.0
Dodging        | |  2.4
Stealth        | |  2.4
Conjurations   | |  1.1
Earth Magic    | |  3.7

Action                     || total
---------------------------++-------
  Melee: Unarmed           ||     1
   Cast: Sandblast         ||    46
 Armour: Robe              ||    13
  Dodge: Dodged            ||    16

Table legend: (Time is in decaauts)
 A = Elapsed time spent in this place.
 B = Non-inter-level travel time spent in this place.
 C = Inter-level travel time spent in this place.
 D = Time resting spent in this place.
 E = Time spent auto-exploring this place.
 F = Levels seen in this place.
 G = Mean time per level.
                   A        B        C        D        E       F      G
               +--------+--------+--------+--------+--------+-----+--------+
         Total |   1844 |   1734 |    110 |      0 |   1535 |   3 |  614.7 |
       Dungeon |   1844 |   1734 |    110 |      0 |   1535 |   3 |  614.7 |
               +--------+--------+--------+--------+--------+-----+--------+

Top non-repeatable levels by time:
     D:2: 959 daAuts
     D:1: 819 daAuts
     D:3: 65 daAuts
